 Dungeon Crawl Stone Soup version 0.21.1-1-g345015f (webtiles) character file.

1576 kae the Insei (level 8, -2/60 HPs)
             Began as a Demonspawn Transmuter on June 9, 2018.
             Was a Believer of Okawaru.
             Slain by a hippogriff (3 damage)
             ... on level 7 of the Dungeon.
             The game lasted 00:08:45 (8804 turns).

kae the Insei (Demonspawn Transmuter)               Turns: 8804, Time: 00:08:46

Health: -2/60      AC:  2    Str: 10    XL:     8   Next: 60%
Magic:  4/13       EV: 22    Int: 15    God:    Okawaru [**....]
Gold:   303        SH:  0    Dex: 21    Spells: 3/14 levels left

rFire    . . .     SeeInvis .     - Unarmed
rCold    . . .     Gourm    +   (shield currently unavailable)
rNeg     . . .     Faith    .   (armour currently unavailable)
rPois    x         Spirit   .   (helmet currently unavailable)
rElec    .         Reflect  .   (cloak currently unavailable)
rCorr    .         Harm     .   (gloves currently unavailable)
MR       .....                  (boots currently unavailable)
Stlth    ++++......             s - amulet of the gourmand
HPRegen  0.20/turn              (no ring)
MPRegen  0.13/turn              (no ring)

@: spider-form, very slightly contaminated
A: tiny, nightstalker 2, powered by pain 1
a: End Transformation, Heroism, Renounce Religion


You were on level 7 of the Dungeon.
You worshipped Okawaru.
Okawaru was pleased with you.
You were very full.
You were a venomous arachnid creature.
You visited 1 branch of the dungeon, and saw 7 of its levels.

You collected 303 gold pieces.

Inventory:

Missiles
 a - 122 arrows
 o - a throwing net (quivered)
Armour
 b - a +0 robe (melded)
 n - a +0 pair of boots (melded)
 r - a +0 buckler (melded)
 w - a +0 helmet (melded)
Jewellery
 s - an amulet of the gourmand (around neck)
Wands
 u - a wand of polymorph (10)
Scrolls
 e - 7 scrolls of remove curse
 p - a scroll of blinking
 q - a scroll of fear
 t - 2 scrolls of teleportation
 y - a scroll of identify
Potions
 f - 2 potions of might
 g - a potion of mutation
 h - 2 potions of lignification
 i - a potion of berserk rage
 j - a potion of flight
 k - 2 potions of agility
 l - a potion of haste
 m - 2 potions of heal wounds
 v - 2 potions of ambrosia {unknown}
 x - a potion of cancellation {unknown}
Books
 c - a book of Changes

   Spells                             Type                      Level
   a - Beastly Appendage              Transmutation                1
   b - Sticks to Snakes               Transmutation                2
   c - Spider Form                    Transmutation/Poison         3
   d - Ice Form                       Ice/Transmutation            4
   e - Blade Hands                    Transmutation                5
Comestibles
 d - 14 rations
 z - a chunk of flesh


   Skills:
 + Level 3.7 Fighting
 + Level 3.7 Dodging
 + Level 2.7 Shields
 * Level 5.4 Unarmed Combat
 + Level 3.8 Spellcasting
 * Level 5.0 Transmutations
 + Level 4.0 Invocations


You had 3 spell levels left.
You knew the following spells:

 Your Spells              Type           Power        Failure   Level  Hunger
a - Beastly Appendage     Tmut           ###...       9%          1    None
b - Sticks to Snakes      Tmut           ###.....     12%         2    ##.....
c - Spider Form           Tmut/Pois      ##........   38%         3    ###....
d - Blade Hands           Tmut           ###.......   75%         5    ######.


Dungeon Overview and Level Annotations

Branches:
Dungeon (7/15)             Temple (0/1) D:6

Altars:
Gozag
Makhleb
Nemelex Xobeh
Okawaru
Uskayaw
Vehumet
Zin

Annotations:
D:6 Amon001's ghost, novice GrFi
D:7 Jaiteiro's ghost, novice MiFi


Innate Abilities, Weirdness & Mutations

((You have razor-sharp toenails.))
((You are partially covered in large bone plates. (SH +4)))
You are significantly more attuned to the shadows.
You sometimes gain a little power by taking damage.


Message History

The hippogriff completely misses you.
You bite the hippogriff!
The hippogriff is poisoned.
The hippogriff is heavily wounded.
The hippogriff closely misses you. x2; The hippogriff claws you.
* * * LOW HITPOINT WARNING * * *
You hit the hippogriff.
The hippogriff looks as sick as possible!
The hippogriff is severely wounded.
The hippogriff completely misses you. The hippogriff misses you.
The hippogriff claws you.
* * * LOW HITPOINT WARNING * * *
You bite the hippogriff!
The hippogriff looks as sick as possible!
The hippogriff is almost dead.
The hippogriff bites you!
* * * LOW HITPOINT WARNING * * *
The hippogriff pecks you.
* * * LOW HITPOINT WARNING * * *
The hippogriff claws you.
You die...

.## .# .# .# .# .#
## ### # .######
#.###.##.# .......
#.....H..# .######
###...%s# .#######
.......## .......#
.###.## ### ######.#
#.###.# ##.## #.#
......####...### #.#
...............#
#.##.#########.....#
#.##.## ###.....#
#.#...######.......#


You could see a hippogriff.

Vanquished Creatures
  A steam dragon (D:7)
  A phantom (D:4)
  A necrophage (D:7)
  An ogre (D:5)
  Blork the orc (D:5)
  3 bullfrogs (D:7)
  2 howler monkeys (D:5)
  3 crimson imps
  2 bullfrog zombies (D:4)
  A centaur zombie (D:4)
  3 hounds
  An orc wizard (D:4)
  2 orc priests (D:5)
  A quasit (D:6)
  A gnoll shaman (D:7)
  A bullfrog skeleton (D:4)
  Jessica (D:2)
  An iguana (D:4)
  A worker ant (D:4)
  A hound zombie (D:4)
  A hound skeleton (D:4)
  Robin (D:3)
  8 gnolls
  7 adders
  3 shadow imps
  An ooze (D:4)
  An adder zombie (D:4)
  An adder skeleton (D:4)
  3 worms
  A dart slug (D:1)
  2 leopard geckos
  11 orcs
  6 giant cockroaches
  9 goblins
  12 hobgoblins
  7 jackals
  5 bats
  4 frilled lizards
  A giant cockroach zombie (D:4)
  3 jackal skeletons
  2 jackal zombies (D:4)
  2 kobolds
  2 leopard gecko zombies (D:4)
  A quokka zombie (D:4)
  4 rats
127 creatures vanquished.

Vanquished Creatures (collateral kills)
  An adder (D:2)
  A hobgoblin (D:2)
  2 jackals (D:2)
4 creatures vanquished.

Vanquished Creatures (others)
  A giant cockroach (D:7)
1 creature vanquished.

Grand Total: 132 creatures vanquished

Notes
Turn   | Place    | Note
-------+----------+-------------------------------------------
     0 | D:1      | kae the Demonspawn Transmuter began the quest for the Orb.
     0 | D:1      | Reached XP level 1. HP: 15/15 MP: 3/3
   347 | D:1      | Gained mutation: You have sharp toenails. [demonic ancestry]
   347 | D:1      | Reached XP level 2. HP: 21/21 MP: 3/5
   792 | D:2      | Found an iron altar of Okawaru.
   795 | D:2      | Gained mutation: You sometimes gain a little power by taking damage. [demonic ancestry]
   795 | D:2      | Reached XP level 3. HP: 22/26 MP: 4/6
   805 | D:2      | Became a worshipper of Warmaster Okawaru
   911 | D:2      | Found a faded altar of an unknown god.
   928 | D:2      | Noticed Jessica
   935 | D:2      | Killed Jessica
   940 | D:2      | Gained mutation: You are slightly more attuned to the shadows. [demonic ancestry]
   940 | D:2      | Reached XP level 4. HP: 26/32 MP: 7/7
   960 | D:2      | Learned a level 2 spell: Sticks to Snakes
   964 | D:2      | Learned a level 3 spell: Spider Form
  2204 | D:3      | Noticed Robin
  2213 | D:3      | Killed Robin
  2378 | D:3      | Reached XP level 5. HP: 12/38 MP: 6/8
  2817 | D:4      | Reached skill level 1 in Invocations
  2839 | D:4      | Reached * piety under Okawaru
  3636 | D:4      | Gained mutation: You are partially covered in large bone plates. (SH +4) [demonic ancestry]
  3636 | D:4      | Reached XP level 6. HP: 42/44 MP: 8/10
  3699 | D:4      | Reached skill level 1 in Shields
  4341 | D:4      | Found a glowing silver altar of Zin.
  4601 | D:4      | Gained mutation: You are significantly more attuned to the shadows. [demonic ancestry]
  4601 | D:4      | Reached XP level 7. HP: 35/51 MP: 5/11
  4917 | D:5      | Entered Level 5 of the Dungeon
  5838 | D:5      | Noticed Blork the orc
  5847 | D:5      | Killed Blork the orc
  5847 | D:5      | Reached ** piety under Okawaru
  6240 | D:5      | Found a burning altar of Makhleb.
  6240 | D:5      | Found a radiant altar of Vehumet.
  6657 | D:6      | Noticed Amon001's ghost (novice GrFi)
  6710 | D:6      | Found a sparkling altar of Nemelex Xobeh.
  6721 | D:6      | Found a sparkling altar of Nemelex Xobeh.
  6782 | D:6      | Found an opulent altar of Gozag.
  6822 | D:6      | Found a hide-covered altar of Uskayaw.
  6862 | D:6      | Found a staircase to the Ecumenical Temple.
  6875 | D:6      | Gained mutation: You have razor-sharp toenails. [demonic ancestry]
  6875 | D:6      | Reached XP level 8. HP: 58/58 MP: 13/13
  7669 | D:7      | Reached skill level 5 in Unarmed Combat
  7801 | D:7      | Learned a level 5 spell: Blade Hands
  8287 | D:7      | Noticed Jaiteiro's ghost (novice MiFi)
  8290 | D:7      | HP: 1/59 [something] (10)]
  8296 | D:7      | Reached skill level 5 in Transmutations
  8787 | D:7      | Noticed a hippogriff
  8804 | D:7      | HP: 2/60 [hippogriff (8)]
  8804 | D:7      | Slain by a hippogriff

Skill      XL: |  1  2  3  4  5  6  7  8 |
---------------+-------------------------+-----
Transmutations | 2 3 4 5 |  5.0
Unarmed Combat | 3 4 5 |  5.4
Dodging        | 2 3 |  3.7
Invocations    | 1 2 3 4 |  4.0
Fighting       | 2 3 |  3.7
Shields        | 1 2 |  2.7
Spellcasting   | 3 |  3.8

Action                   |  1- 3 |  4- 6 |  7- 9 || total
-------------------------+-------+-------+-------++-------
Melee: Unarmed           |    67 |   280 |   298 ||   645
       Kick              |     9 |     2 |       ||    11
       Headbutt          |     4 |    20 |     5 ||    29
       Punch             |     2 |     1 |       ||     3
 Cast: Beastly Appendage |    11 |    20 |     2 ||    33
       Sticks to Snakes  |       |     5 |     4 ||     9
       Spider Form       |       |     9 |    11 ||    20
Invok: Heroism           |       |     2 |     1 ||     3
  Use: Scroll            |     7 |     5 |     3 ||    15
       Potion            |       |     2 |       ||     2
 Stab: Sleeping          |       |     4 |     5 ||     9
       Distracted        |       |     1 |       ||     1
  Eat: Chunk             |       |    10 |    17 ||    27
       Ration            |       |     1 |     2 ||     3
Armor: Robe              |    11 |    43 |    31 ||    85
       Skin              |       |       |     3 ||     3
Dodge: Dodged            |    50 |   170 |   186 ||   406
Block: Buckler           |       |    39 |    87 ||   126
